[Event "*** Titled Tuesday Blitz"]
[Site "Chess.com"]
[Date "2021.02.16"]
[Round "7"]
[White "Rozum_Ivan"]
[Black "FMJoseHerrera"]
[Result "1-0"]
[WhiteElo "2768"]
[BlackElo "2599"]
[TimeControl "180+1"]
[EndTime "11:18:54 PST"]
[Termination "Rozum_Ivan won on time"]

1. e4 c5 2. Nf3 e6 3. d4 cxd4 4. Nxd4 a6 5. Bd3 Qc7 6. O-O b6 7. Re1 Bb7 8. c4 d6 9. Nc3 Nd7 10. Bg5 Ne5 11. Rc1 Qc5 12. Bf1 Nf6 13. h3 Be7 14.
Be3 Qc7 15. f4 Ng6 16. f5 exf5 17. Nxf5 O-O 18. Bd4 Ne5 19. Qd2 Bc8 20. Nxe7+ Qxe7 21. Bxb6 Bxh3 22. Bd4 Be6 23. Nd5 Bxd5 24. exd5 Rfe8 25. Bxe5 dxe5 26. d6 Qa7+ 27. Qe3 Qb7 28. c5 Rac8 29. Rc2 a5 30. Rec1 Red8 31. c6 Qb4 32. d7 Rc7 33.
Qxe5 Qb6+ 34. Qc5 Qb8 35. Qxa5 Ng4 36. Qg5 Qb6+ 37. Rc5 Rxc6 38. Qxd8+ Qxd8 39. Rxc6 Qxd7 40. Rc8+ 1-0

[Event "*** Titled Tuesday Blitz"]
[Site "Chess.com"]
[Date "2021.02.16"]
[Round "7"]
[White "Grineva_Marianna"]
[Black "ikhasu"]
[Result "0-1"]
[WhiteElo "2237"]
[BlackElo "2411"]
[TimeControl "180+1"]
[EndTime "11:18:55 PST"]
[Termination "ikhasu won on time"]

1. e4 e5 2. Nf3 Nf6 3. d4 exd4 4. e5 Ne4 5. Qxd4 d5 6. exd6 Nxd6 7. Nc3 Nc6 8. Qf4 Be7 9. Bd3 O-O 10. Be3 Bf6 11.
h4 a5 12. a3 Ne7 13. h5 Bxc3+ 14. bxc3 Nd5 15. Qd4 Nxe3 16. fxe3 Bf5 17. h6 Qf6 18. hxg7 Qxg7 19. Rh5 Qxd4 20. cxd4 Bg6 21. Rc5 c6 22. Rg5 Rfe8 23. Ne5 f6 24. Nxg6 fxg5 25. Ne5 Kg7 26. Ke2 Rf8 27. Rb1 h6 28. c4 b5 29. cxb5 cxb5 30.
Bxb5 Rab8 31. Bd3 Rxb1 32. Bxb1 Rb8 33. Bd3 Rb2+ 34. Kf3 Ra2 35. Nc4 Nxc4 36. Bxc4 Rxa3 37. d5 Rc3 38. Bb5 Kf6 39. d6 Ke6 40. d7 Ke7 41.
Ke4 Rc5 0-1

[Event "*** Titled Tuesday Blitz"]
[Site "Chess.com"]
[Date "2021.02.16"]
[Round "7"]
[White "oneshot007"]
[Black "Shahaliyev"]
[Result "0-1"]
[WhiteElo "2516"]
[BlackElo "2677"]
[TimeControl "180+1"]
[EndTime "11:18:56 PST"]
[Termination "Shahaliyev won by resignation"]

1. e4 c6 2. d4 d5 3. e5 Bf5 4. h4 h5 5. c4 e6 6. Nc3 Nd7 7. cxd5 cxd5 8. Nge2 Ne7 9. Ng3 Bg6 10. Bg5 Qb6 11. Bb5 Nc6 12. Rc1 Bb4 13. Bxc6 bxc6 14. O-O f6 15. exf6 gxf6 16. Be3 Kf7 17. Nce2 Bd6 18.
Nf4 Bxf4 19. Bxf4 Qxb2 20. Rxc6 Rac8 21. Qa4 Qb7 22. Ra6 Ra8 23. Re1 Nb6 24. Qb5 Rhe8 25. a3 Rac8 26. a4 Rc3 27. a5 Bd3 28. Rxa7 Qxa7 29.
axb6 Qb7 30. Qb4 Rc6 31. Qd2 Bg6 32. Bc7 Ra8 33. Kh2 Ra3 34. Qh6 Rxc7 35. bxc7 Qxc7 36. Kh3 Qc2 37. Re3 Rxe3 38. Qxe3 Qd1 39. Qh6 Qg4+ 40.
Kh2 Qxh4+ 41. Kg1 Qxd4 42. Nxh5 Qd1+ 43. Kh2 Qxh5+ 0-1

[Event "*** Titled Tuesday Blitz"]
[Site "Chess.com"]
[Date "2021.02.16"]
[Round "7"]
[White "Aradhya2000"]
[Black "IAgrest"]
[Result "1-0"]
[WhiteElo "2580"]
[BlackElo "2339"]
[TimeControl "180+1"]
[EndTime "11:18:56 PST"]
[Termination "Aradhya2000 won on time"]

1. d4 Nf6 2. c4 g6 3. g3 Bg7 4. Bg2 O-O 5. Nc3 d6 6. Nf3 Nbd7 7.
O-O a6 8. Qc2 Re8 9. Rd1 e5 10.
dxe5 dxe5 11. Be3 c6 12. h3 Qe7 13. Nd2 Nc5 14. Nb3 Ne6 15. Na4 h5 16. Nb6 Rb8 17.
Na5 h4 18. g4 Nd4 19. Bxd4 exd4 20. c5 Qxe2 21. Qxe2 Rxe2 22. Nac4 Be6 23. Rxd4 Nd5 24. Re4 Rxe4 25. Bxe4 Bd4 26. Rd1 Bxc5 27. Bxd5 cxd5 28. Nxd5 Kg7 29. b3 b5 30. Na5 Rd8 31. Ne3 Rxd1+ 32. Nxd1 Bd5 33. Ne3 Bf3 34. Nc2 Bb6 35. b4 Bd5 36. a3 f5 37. gxf5 gxf5 38. Ne3 Be4 39. Nb3 f4 40. Ng2 f3 41. Nd2 Bb7 42.
Nxh4 1-0

[Event "*** Titled Tuesday Blitz"]
[Site "Chess.com"]
[Date "2021.02.16"]
[Round "7"]
[White "zmeeed67"]
[Black "beautroll"]
[Result "0-1"]
[WhiteElo "2319"]
[BlackElo "2482"]
[TimeControl "180+1"]
[EndTime "11:18:56 PST"]
[Termination "beautroll won on time"]

1. e4 c5 2. g3 d5 3. exd5 Qxd5 4. Qf3 Nf6 5. Nc3 Qd6 6. Ne4 Qe5 7. d3 Bf5 8. Bg2 Nc6 9. Ne2 e6 10. O-O Bxe4 11.
dxe4 Be7 12. Bf4 Qxb2 13. Rab1 Qxc2 14. Rxb7 e5 15. Rc1 Qxa2 16. Bg5 O-O 17. Nc3 Qa6 18. Rc7 Nd4 19. Qd1 Bd6 20. Bxf6 Bxc7 21. Nd5 gxf6 22.
Nxc7 Qc6 23. Nxa8 Rxa8 24. Qg4+ Kh8 25. h4 Rg8 26. Qh5 Rg6 27. Bh3 Qxe4 28. Bf5 Qxf5 29.
Qd1 Nf3+ 30. Kg2 Nxh4+ 31. Kg1 Nf3+ 32. Kg2 Nd4 33. Rxc5 Qe4+ 34. Kg1 Nf3+ 35. Kf1 Nh2+ 36. Kg1 Ng4 0-1

[Event "*** Titled Tuesday Blitz"]
[Site "Chess.com"]
[Date "2021.02.16"]
[Round "7"]
[White "Euge_chess"]
[Black "MIJuanReyesRosa"]
[Result "1-0"]
[WhiteElo "2102"]
[BlackElo "2107"]
[TimeControl "180+1"]
[EndTime "11:18:56 PST"]
[Termination "Euge_chess won on time"]

1. e4 c5 2. c3 g6 3. d4 cxd4 4. cxd4 d5 5. e5 Nc6 6. Nc3 Bg7 7. Nge2 Nh6 8. Bg5 O-O 9. Bxh6 Bxh6 10. Qb3 Be6 11.
g3 f6 12. f4 fxe5 13. dxe5 Qd7 14. Bg2 d4 15. Qxe6+ Qxe6 16. Bd5 dxc3 17. Bxe6+ Kh8 18.
bxc3 Rad8 19. Rd1 Rxd1+ 20. Kxd1 Rd8+ 21. Kc2 Nxe5 22. Nd4 Nc6 23. Nxc6 bxc6 24. Re1 Kg7 25. Bc4 Kf8 26. h4 Bg7 27. Re6 Rd6 28. Re1 Ke8 29. Rb1 Rd7 30. Be6 Rd8 31. Rb7 Ra8 32. Rc7 h6 33. Rxc6 a5 34. Bc4 Bf6 35. Bd3 g5 36.
hxg5 hxg5 37. fxg5 Bxg5 38. Rg6 1-0

[Event "*** Titled Tuesday Blitz"]
[Site "Chess.com"]
[Date "2021.02.16"]
[Round "7"]
[White "lachesisQ"]
[Black "dretch"]
[Result "1-0"]
[WhiteElo "3053"]
[BlackElo "2845"]
[TimeControl "180+1"]
[EndTime "11:18:57 PST"]
[Termination "lachesisQ won on time"]

1. e4 e6 2. d4 d5 3. Nc3 Nf6 4.
e5 Nfd7 5. f4 c5 6. Nf3 Nc6 7. Be3 cxd4 8. Nxd4 Bc5 9. Qd2 O-O 10.
O-O-O a6 11. h4 Nxd4 12. Bxd4 b5 13. Rh3 b4 14. Na4 Bxd4 15. Qxd4 Qa5 16. b3 Bb7 17. Kb1 Rab8 18. f5 Qc7 19. Re1 exf5 20. Bd3 Rbe8 21. Rhe3 g6 22. e6 fxe6 23. Rxe6 Kf7 24. Qe3 Nf6 25.
h5 Ne4 26. Rxe8 Rxe8 27. hxg6+ hxg6 28. Bxe4 Rxe4 29. Qd2 Rxe1+ 30. Qxe1 a5 31. Qh4 Qe5 32. Qh7+ Qg7 33. Qh2 Ke6 34. Nc5+ Kf6 35. Qh4+ Kf7 36. Nxb7 Qe5 37. Nc5 Qe2 38. Nd3 Qf1+ 39. Kb2 Qxg2 40. Qd4 g5 41. Qa7+ Kf6 42. Qb6+ Kf7 43. Qxa5 f4 44. Qxb4 Kf6 45. Qd6+ Kf5 46. Qd7+ Kf6 47. a4 Qe4 48. a5 1-0

[Event "*** Titled Tuesday Blitz"]
[Site "Chess.com"]
[Date "2021.02.16"]
[Round "7"]
[White "andrewtnb"]
[Black "Gerodot71"]
[Result "1-0"]
[WhiteElo "2329"]
[BlackElo "2463"]
[TimeControl "180+1"]
[EndTime "11:18:57 PST"]
[Termination "andrewtnb won by resignation"]

1. d4 Nf6 2. c4 e6 3. Nc3 Bb4 4. e3 O-O 5. Ne2 d5 6. a3 Be7 7.
cxd5 exd5 8. Nf4 Re8 9. Be2 Bf8 10. O-O c6 11. f3 Bf5 12. g4 Bg6 13. h4 h5 14.
Nxg6 fxg6 15. g5 Qd6 16. Kg2 Nh7 17. Bd3 Nd7 18. Qc2 Re6 19. Ne2 Be7 20. Nf4 Ndf8 21. Bd2 Re8 22. Nxe6 Qxe6 23. Rae1 Bd6 24. e4 Qf7 25. e5 Bb8 26. f4 Qe6 27. f5 gxf5 28. Bxf5 Qe7 29. Bxh7+ Nxh7 30. Qg6 Nf8 31. Qxh5 Qe6 32.
Qf3 Ng6 33. Qg3 Ne7 34. Qh3 Qg6 35. Qg4 Qd3 36. Rf2 Kh7 37. h5 c5 38. g6+ Kh8 39.
h6 Nxg6 40. hxg7+ Kg8 41. Re3 Qb1 42. Rg3 Ne7 43. Qh5 Qe4+ 44. Kh2 Qh7 45. Qxh7+ Kxh7 46. Rf8 1-0

[Event "*** Titled Tuesday Blitz"]
[Site "Chess.com"]
[Date "2021.02.16"]
[Round "7"]
[White "VladimirBugayev"]
[Black "Gulkov_Igor"]
[Result "0-1"]
[WhiteElo "2309"]
[BlackElo "2477"]
[TimeControl "180+1"]
[EndTime "11:18:57 PST"]
[Termination "Gulkov_Igor won on time"]

1. e4 c5 2. Nc3 d6 3. f4 g6 4.
Nf3 Bg7 5. Bc4 Nc6 6. O-O e6 7.
d4 Nxd4 8. Nxd4 cxd4 9. Nb5 Ne7 10. Nxd4 d5 11. exd5 Nxd5 12. Bxd5 Qxd5 13. Nf3 Qc5+ 14. Kh1 O-O 15. c3 b6 16. Ne5 Ba6 17. Re1 Rad8 18. Qf3 Qc8 19. Be3 Bb7 20. Qf2 f6 21. Nf3 Rfe8 22. Bd4 Qd7 23. h3 Qf7 24. a4 Rd5 25. a5 Rxa5 26. Rxa5 bxa5 27. Bxa7 Bxf3 28. Qxf3 Qxa7 29.
Qc6 Qe7 30. Qb6 e5 31. Qxa5 e4 32. Qd5+ Kh8 33. f5 e3 34. Re2 Qe4 35. Qxe4 Rxe4 36. fxg6 hxg6 37. g4 f5 38. gxf5 gxf5 39. Kg2 Bh6 40. Kf3 Kg7 41. b4 Rh4 42. Rh2 Rc4 43.
Rc2 Kf6 44. b5 Ke6 45. b6 Kd5 46. b7 Bf4 47. Rb2 Bb8 48. Rb5+ Ke6 49. Kxe3 Rxc3+ 50. Kd4 Rxh3 51. Ra5 Kd7 0-1

[Event "*** Titled Tuesday Blitz"]
[Site "Chess.com"]
[Date "2021.02.16"]
[Round "7"]
[White "ajdemipopushi"]
[Black "Artem_Sadovsky"]
[Result "0-1"]
[WhiteElo "2365"]
[BlackElo "2581"]
[TimeControl "180+1"]
[EndTime "11:18:59 PST"]
[Termination "Artem_Sadovsky won on time"]

1. Nf3 g6 2. g3 Bg7 3. Bg2 e5 4.
c4 d5 5. cxd5 e4 6. Ng1 f5 7.
Nc3 Nf6 8. d3 exd3 9. Qxd3 O-O 10.
Nh3 Nbd7 11. O-O Nc5 12. Qc4 Nce4 13. d6+ Kh8 14. dxc7 Qe7 15. Nf4 Qe5 16. Nd3 Qe7 17. Bf4 Be6 18. Qb4 Qf7 19. Ne5 Qe8 20. Qxb7 Rc8 21.
Rac1 g5 22. Be3 Nxc3 23. Rxc3 Ne4 24. Bxe4 fxe4 25. Bd4 Bh3 26. Qxe4 Bxf1 27. Kxf1 Qe6 28. Qc6 Qf5 29. Qc5 Qe4 30. Nf3 Rg8 31. Bxg7+ Rxg7 32. h3 Rgxc7 33. Qxc7 Rxc7 34. Rxc7 Qb1+ 35. Kg2 Qxa2 36.
Nxg5 Qd5+ 37. Nf3 a5 38. e3 Qb5 39. Rc2 Qf5 40. Rd2 Qe4 41. g4 h5 42. Rd4 Qb7 43.
gxh5 Qxb2 44. h6 Qb6 0-1

[Event "*** Titled Tuesday Blitz"]
[Site "Chess.com"]
[Date "2021.02.16"]
[Round "7"]
[White "Salem-AR"]
[Black "Krakozia"]
[Result "0-1"]
[WhiteElo "2899"]
[BlackElo "2780"]
[TimeControl "180+1"]
[EndTime "11:19:00 PST"]
[Termination "Krakozia won on time"]

1. d4 Nf6 2. c4 e6 3. Nf3 d5 4.
Nc3 c5 5. e3 Nc6 6. a3 a6 7.
dxc5 Bxc5 8. b4 Ba7 9. Bb2 O-O 10.
Rc1 dxc4 11. Qxd8 Rxd8 12. Bxc4 Bd7 13. O-O Rac8 14. Be2 Be8 15. Rfd1 Rxd1+ 16. Rxd1 Kf8 17. Kf1 Ke7 18. Bd3 h6 19. Ke2 Bb8 20. Ne4 Nxe4 21. Bxe4 f6 22. h4 h5 23. Nd2 Nd8 24. Bd3 Nf7 25.
f4 Nd6 26. Rg1 Nf5 27. g3 Ba7 28. Bxf5 exf5 29. Rc1 Bb5+ 30. Kf2 Rxc1 31. Bxc1 Ke6 32. Bb2 Kd5 33. Bc3 Bd3 34. Bb2 Bb6 35. Bc3 Bc7 36. Kf3 Kc6 37. Nb3 Kb5 38. Nc5 Bc4 39. e4 fxe4+ 40. Kxe4 Kc6 41. Kf5 b6 42. Na4 Bf7 43.
Nb2 Kd5 44. Nd1 Kc4 45. Be1 Kd3 46. Nc3 Bd8 0-1

[Event "*** Titled Tuesday Blitz"]
[Site "Chess.com"]
[Date "2021.02.16"]
[Round "7"]
[White "zeitnot2006"]
[Black "Unknown_IM"]
[Result "0-1"]
[WhiteElo "2517"]
[BlackElo "2398"]
[TimeControl "180+1"]
[EndTime "11:19:00 PST"]
[Termination "Unknown_IM won by resignation"]

1. Nf3 Nf6 2. c4 g6 3. Rg1 d6 4.
h3 Bg7 5. g4 e5 6. d3 Nc6 7. e4 Be6 8. Nc3 Ne7 9. Be3 h5 10.
Ng5 Qd7 11. Nxe6 Qxe6 12. g5 Nd7 13. Nd5 Rc8 14. Qf3 Nxd5 15. cxd5 Qe7 16. O-O-O c6 17. dxc6 Rxc6+ 18. Kb1 O-O 19. Be2 Rfc8 20. Rc1 b6 21.
Rxc6 Rxc6 22. Rc1 Rxc1+ 23. Kxc1 Qe6 24. Kb1 Nc5 25. Bxc5 dxc5 26. Bd1 b5 27. h4 Bf8 28. Qe2 c4 29. dxc4 bxc4 30. Ba4 a6 31. Qf3 Bc5 32. Bc2 Bd4 33. b3 Qb6 34. Qe2 Bxf2 35. Qxc4 Bxh4 36. Qf1 Bxg5 37. Bd3 Bf4 38. Bc4 h4 39. Qg2 Kg7 40. Qg4 Qf2 41. Qd7 Be3 42. Qd5 Bd4 43. Kc1 Qb2+ 44. Kd1 Qf2 45. Kc1 h3 46. Bd3 h2 0-1

[Event "*** Titled Tuesday Blitz"]
[Site "Chess.com"]
[Date "2021.02.16"]
[Round "7"]
[White "LiemLe"]
[Black "Zkid"]
[Result "1-0"]
[WhiteElo "3005"]
[BlackElo "2824"]
[TimeControl "180+1"]
[EndTime "11:19:01 PST"]
[Termination "LiemLe won by resignation"]

1. d4 d5 2. Nf3 Nf6 3. c4 dxc4 4.
e3 e6 5. Bxc4 c5 6. O-O Nc6 7.
dxc5 Qxd1 8. Rxd1 Bxc5 9. a3 O-O 10. b4 Be7 11. Bb2 Bd7 12. Nbd2 Rfd8 13. Be2 Be8 14. Kf1 a6 15. Nb3 Nd5 16. Rac1 Bf6 17. Bxf6 gxf6 18.
Nc5 Rab8 19. g3 a5 20. b5 Na7 21. e4 Nb6 22. Rxd8 Rxd8 23. Nxb7 Rb8 24. Nd6 Bd7 25. Rc7 Nac8 26. Nxc8 Bxc8 27. Nd4 Rb7 28. Rxb7 Bxb7 29. f3 Kf8 30. Nb3 a4 31. Nc5 Bc8 32. Bd1 Ke7 33. Nxa4 Nc4 34. Kf2 Nxa3 35. Be2 Nc2 36. Nb6 Bb7 37. Nc4 Nd4 38. Na5 Bc8 39. b6 Nxe2 40.
Kxe2 Ba6+ 41. Ke3 Kd6 42. f4 e5 43. fxe5+ fxe5 44. b7 Kc7 45. b8=Q+ Kxb8 46. Nc6+ Kc7 47. Nxe5 Kd6 48. Nxf7+ Ke7 49. Ng5 h6 50. Nf3 Kf6 51.
Kf4 Bb7 52. g4 Ba8 53. h4 Bb7 54. Nd4 Ba6 55. h5 Bd3 56. Nf5 1-0

[Event "*** Titled Tuesday Blitz"]
[Site "Chess.com"]
[Date "2021.02.16"]
[Round "7"]
[White "A-S-00"]
[Black "Kotofeyca"]
[Result "1-0"]
[WhiteElo "2313"]
[BlackElo "2421"]
[TimeControl "180+1"]
[EndTime "11:19:01 PST"]
[Termination "A-S-00 won by checkmate"]

1. e4 c5 2. Nf3 d6 3. d4 cxd4 4. Nxd4 Nf6 5. Nc3 a6 6. f3 e5 7. Nb3 Be6 8. Be3 Be7 9. Qd2 Nbd7 10. g4 h6 11. O-O-O b5 12. h4 Nb6 13. Kb1 b4 14. Ne2 Nc4 15. Qc1 a5 16. Ng3 Nxe3 17.
Qxe3 a4 18. Nc5 Qb6 19. Nxe6 Qxe3 20. Bb5+ Nd7 21. Nf5 fxe6 22. Nxe3 Ra5 23. Bxd7+ Kxd7 24. Rd3 Rc5 25. b3 a3 26. Nc4 Kc6 27. Rhd1 Rd8 28. h5 Rxc4 29. bxc4 Kc5 30. c3 Kxc4 31. cxb4 d5 32.
Rxa3 Bxb4 33. Rc1+ Kb5 34. Rb3 Ka4 35. exd5 exd5 36. Rc7 Ra8 37. Kc2 d4 38. Kd3 Bc3 39. Rc4+ Ka5 40. Ra3+ Kb5 41. Rxa8 e4+ 42. fxe4 Ba1 43.
Rb8+ Ka6 44. Ra4# 1-0

[Event "*** Titled Tuesday Blitz"]
[Site "Chess.com"]
[Date "2021.02.16"]
[Round "7"]
[White "Mr_Heisenberg13"]
[Black "KeithArkell"]
[Result "1-0"]
[WhiteElo "2700"]
[BlackElo "2536"]
[TimeControl "180+1"]
[EndTime "11:19:02 PST"]
[Termination "Mr_Heisenberg13 won by resignation"]

1. e4 c6 2. d4 d5 3. e5 c5 4. dxc5 Nc6 5. Nf3 Bg4 6. Bb5 Bxf3 7. Bxc6+ bxc6 8. Qxf3 e6 9. O-O Bxc5 10. c4 Ne7 11. Rd1 O-O 12. Nc3 Ng6 13. Qg3 Qh4 14. Qxh4 Nxh4 15.
Na4 Be7 16. Be3 Nf5 17. Bc5 Bxc5 18. Nxc5 h5 19. Rac1 Rfd8 20. g3 Rab8 21. b3 g5 22. Kg2 Kg7 23. Kf1 g4 24. Ke2 h4 25. h3 dxc4 26.
hxg4 Nd4+ 27. Ke3 Nc2+ 28. Ke2 Nd4+ 29. Ke3 Nc2+ 30. Kf4 hxg3 31. Rxd8 Rxd8 32. Rxc2 g2 33. Rc1 Rd2 34. Kg3 Rxa2 35. Kxg2 cxb3 36. Nxb3 Ra4 37. f3 Rb4 38. Rc3 Kg6 39. Kg3 f6 40. exf6 Kxf6 41. Nd2 Rb6 42. Ne4+ Kg6 43. Ra3 Rb7 44. Ra6 Rc7 45. Kf4 c5 46. Rxe6+ Kf7 47. Ra6 c4 48. Nc3 1-0

[Event "*** Titled Tuesday Blitz"]
[Site "Chess.com"]
[Date "2021.02.16"]
[Round "7"]
[White "MFBerna"]
[Black "The_filthy"]
[Result "1-0"]
[WhiteElo "2492"]
[BlackElo "2337"]
[TimeControl "180+1"]
[EndTime "11:19:02 PST"]
[Termination "MFBerna won by resignation"]

1. b3 d6 2. Bb2 e5 3. e3 Nf6 4. d4 e4 5. c4 c6 6. Nc3 d5 7. Qc2 Bd6 8. Nge2 O-O 9. Ng3 a6 10. Be2 b5 11. c5 Bc7 12. b4 a5 13. a3 a4 14. O-O-O Be6 15. f3 exf3 16. Bxf3 Re8 17.
Rde1 Nbd7 18. Rhf1 Nf8 19. Kb1 Ng6 20. e4 dxe4 21.
Ncxe4 Nd5 22. Bc1 h6 23. Nh5 Qh4 24. g3 Qd8 25. Bg2 Nde7 26. Bxh6 gxh6 27. Nef6+ Kh8 28. Qd2 Ng8 29. Nxg8 Kxg8 30. Qxh6 Qxd4 31. Nf6+ Qxf6 32. Rxf6 Bf5+ 33. Rxf5 Rxe1+ 34. Kc2 Re2+ 35. Kc1 Rxg2 36. Qe3 Rd8 37. Rf2 Rg1+ 38. Kc2 Rdd1 39. Rf5 Rc1+ 40. Qxc1 Rxc1+ 41. Kxc1 Ne5 42. Kc2 Nc4 43. Rf3 Be5 44. Kb1 f6 45. Ka2 Nd2 46. Rd3 Kf7 47. Rxd2 1-0

[Event "*** Titled Tuesday Blitz"]
[Site "Chess.com"]
[Date "2021.02.16"]
[Round "7"]
[White "NovikovaGalina"]
[Black "lelya96"]
[Result "1-0"]
[WhiteElo "2401"]
[BlackElo "2246"]
[TimeControl "180+1"]
[EndTime "11:19:02 PST"]
[Termination "NovikovaGalina won by resignation"]

1. e4 e5 2. Nf3 Nc6 3. d4 exd4 4.
Nxd4 Qf6 5. Ne2 Bc5 6. Nf4 d6 7. Nc3 Nge7 8. Be2 Ng6 9. Ncd5 Qd8 10. O-O O-O 11. Nd3 Bb6 12. Nxb6 axb6 13. f4 f5 14. Bf3 Nd4 15. c3 Nxf3+ 16. Qxf3 fxe4 17.
Qxe4 Bf5 18. Qd5+ Kh8 19. Nf2 c6 20. Qd1 d5 21. Be3 Qc7 22. Ng4 Rae8 23. Bd2 Bd3 24. Rf2 Be4 25. Qf1 b5 26. Be3 b6 27. Bxb6 Qxb6 28.
Kh1 Qc7 29. f5 Ne5 30. Ne3 Nd3 31. Rd2 Ne5 32. Rf2 Rf6 33. a4 Ref8 34. axb5 cxb5 35. Qxb5 Nd3 36. Rff1 Nf4 37. Qb4 Qc6 38. Qd4 Nd3 39.
b4 Bxf5 40. Nxf5 h6 41. Qxd3 Qe6 42. Ng3 Qg4 43. Rxf6 Rxf6 44. h3 Rf8 45. hxg4 1-0

[Event "*** Titled Tuesday Blitz"]
[Site "Chess.com"]
[Date "2021.02.16"]
[Round "7"]
[White "albi1999"]
[Black "PowerThinking2650"]
[Result "1-0"]
[WhiteElo "2605"]
[BlackElo "2432"]
[TimeControl "180+1"]
[EndTime "11:19:03 PST"]
[Termination "albi1999 won by resignation"]

1. d4 Nf6 2. c4 g6 3. Nc3 Bg7 4. e4 d6 5. Nge2 O-O 6. Ng3 c6 7. Be2 a6 8. a4 a5 9. h4 Na6 10.
h5 Nb4 11. Be3 e5 12. d5 Nd7 13. hxg6 fxg6 14. O-O Nc5 15. Ra3 cxd5 16. cxd5 Qh4 17. Qd2 Rf4 18. Nb5 Bf8 19. Bxc5 dxc5 20. d6 Bd7 21.
Bc4+ Kg7 22. Re3 Rd8 23. Qc3 Qf6 24. Ne2 Rh4 25. Rf3 Qg5 26. Rf7+ Kh6 27. f4 exf4 28. e5 Qh5 29. R1xf4 Rh1+ 30. Kf2 Bg7 31. Rxg7 Kxg7 32. e6+ Kh6 33. exd7 Rxd7 34. Qe3 Qg5 35. Ng3 Nc2 36. Qd2 Rf7 37. Bxf7 Nd4 38. Nxh1 Nf5 39. Rh4+ Nxh4 40. Qxg5+ Kxg5 41. d7 Kf6 42. d8=Q+ Kxf7 43. Qxh4 1-0

[Event "*** Titled Tuesday Blitz"]
[Site "Chess.com"]
[Date "2021.02.16"]
[Round "7"]
[White "frenchpin"]
[Black "Aslanov_Umid"]
[Result "0-1"]
[WhiteElo "2484"]
[BlackElo "2360"]
[TimeControl "180+1"]
[EndTime "11:19:03 PST"]
[Termination "Aslanov_Umid won by checkmate"]

1. e4 c5 2. Nf3 d6 3. d4 cxd4 4. Nxd4 Nf6 5. f3 a6 6. c4 Nc6 7. Nc3 g6 8. Be3 Bg7 9. Qd2 O-O 10. O-O-O Qa5 11. Kb1 Re8 12. h4 Nxd4 13. Bxd4 Be6 14. g4 Rac8 15. b3 Qb4 16. Ka1 h5 17. gxh5 Nxh5 18. Bxg7 Kxg7 19. f4 Bg4 20. Qd4+ e5 21. Qd3 Bxd1 22. Nxd1 b5 23. fxe5 bxc4 24. bxc4 dxe5 25. Nc3 Red8 26. Nd5 Qe1+ 27. Qb1 Qd2 28. Qb2 Qxb2+ 29. Kxb2 Nf4 30. Rh2 Nxd5 31. exd5 f5 32. Rc2 e4 33. Bg2 Kf6 34. Ka3 Rxd5 35. Kb4 Rd4 36. a4 Ke5 37. a5 f4 38. Bf1 f3 39. h5 gxh5 40. Rh2 Kf4 41. Rxh5 Ke3 42. Rd5 Rxd5 43. cxd5 Kf2 44. Bxa6 Rd8 45. Bc4 e3 46. a6 e2 47. Kc5 e1=Q 48. d6 Qa5+ 49. Kc6 Rc8+ 50.
Kb7 Rxc4 51. d7 Rc7+ 52. Kb8 Qb6+ 53. Ka8 Ra7# 0-1

[Event "*** Titled Tuesday Blitz"]
[Site "Chess.com"]
[Date "2021.02.16"]
[Round "7"]
[White "GMJustin"]
[Black "djano"]
[Result "1-0"]
[WhiteElo "2334"]
[BlackElo "2464"]
[TimeControl "180+1"]
[EndTime "11:19:03 PST"]
[Termination "GMJustin won on time"]

1. d4 Nf6 2. c4 c5 3. Nf3 cxd4 4. Nxd4 Nc6 5. Nc3 g6 6. g3 Bg7 7. Bg2 O-O 8. O-O Qa5 9. Nb3 Qh5 10. c5 a5 11. Na4 d5 12. cxd6 Bh3 13. dxe7 Nxe7 14. e4 Bg4 15. f3 Be6 16. Qd6 Nc6 17. Qc5 Ne5 18. g4 Nfxg4 19. fxg4 Bxg4 20. Qe3 h6 21. Nb6 Rad8 22. Nd5 a4 23. Nd4 Nc4 24. Qf2 a3 25. b3 Ne5 26. Be3 Nd3 27. Nf6+ Bxf6 28. Qxf6 Ne5 29. Qf4 Kh7 30. Qg3 g5 31. Rf2 Ng6 32. Raf1 Nf4 33. Bxf4 gxf4 34. Rxf4 Rg8 35. Qf2 Rg7 36. Nf5 Rg5 37. Kh1 Rdg8 38. Ng3 Qh4 39. Rxf7+ Kh8 40. Qf6+ R8g7 41. Rxg7 Rxg7 42. Qxh4 1-0

[Event "*** Titled Tuesday Blitz"]
[Site "Chess.com"]
[Date "2021.02.16"]
[Round "7"]
[White "ybruned"]
[Black "Nastya_Rakhmangulova"]
[Result "1-0"]
[WhiteElo "2317"]
[BlackElo "2458"]
[TimeControl "180+1"]
[EndTime "11:19:03 PST"]
[Termination "ybruned won by resignation"]

1. b3 Nf6 2. Bb2 g6 3. Bxf6 exf6 4. c4 d6 5. Nc3 c6 6. e3 Bg7 7. Nge2 h5 8. h4 a5 9. g3 Bg4 10. Bg2 Nd7 11. d4 Bxe2 12. Qxe2 O-O 13. O-O f5 14. Rac1 Nf6 15. Rfd1 Ng4 16. Qf3 Re8 17. a3 Qf6 18. b4 axb4 19. axb4 g5 20. hxg5 Qxg5 21. Qf4 Qf6 22.
b5 Ra3 23. bxc6 bxc6 24. Bxc6 Rc8 25. Bf3 Bh6 26. Nd5 Qe6 27. Qxf5 Qxf5 28. Ne7+ Kh7 29. Nxf5 Bf8 30. Bxg4 hxg4 31. Rc2 Kg6 32. Nh4+ Kf6 33.
Ng2 Bh6 34. Nf4 Bxf4 35. gxf4 Kf5 36. Kg2 g3 37. Kxg3 Ke4 38. Rg1 Rh8 39. Rg2 Raa8 40.
f3+ Kxe3 41. Kg4 Kxd4 42. Rgd2+ Kc5 43. Rd5+ Kc6 44. Rcd2 Rag8+ 45. Kf5 Rg6 46. Ke4 Rh5 47. Rxh5 Re6+ 48. Kd3 Rf6 49. f5 Kc5 50. Re2 1-0

[Event "*** Titled Tuesday Blitz"]
[Site "Chess.com"]
[Date "2021.02.16"]
[Round "7"]
[White "Srisshhhtea"]
[Black "kidagent"]
[Result "0-1"]
[WhiteElo "2419"]
[BlackElo "2312"]
[TimeControl "180+1"]
[EndTime "11:19:03 PST"]
[Termination "kidagent won by checkmate"]

1. d4 d5 2. c4 c6 3. Nf3 Nf6 4.
e3 Bf5 5. Nc3 e6 6. Nh4 Bg4 7. Qb3 Qc8 8. f3 Bh5 9. g4 Bg6 10. Bd2 Nbd7 11. cxd5 Nxd5 12. Nxd5 exd5 13. Bd3 Be7 14. Nf5 Bxf5 15. Bxf5 Bh4+ 16. Kf1 Qc7 17. Kg2 O-O 18. Rac1 Nb6 19. Ba5 Qe7 20. Bb4 Qf6 21. Bxf8 Rxf8 22. Qd3 g6 23. e4 gxf5 24. gxf5 Kh8 25.
Rhg1 Nc4 26. b3 Nd6 27. Kh1 Bf2 28. Rgd1 Qh4 29. Rc2 dxe4 30. fxe4 Nxe4 31. Qf3 Rg8 32. d5 cxd5 33. Rc7 Bg3 34. Rc2 Nf2+ 35. Kg2 Nxd1 36. hxg3 Qe4 37. Qxe4 dxe4 38. Rd2 Ne3+ 39. Kf2 Nxf5 40.
g4 Rxg4 41. Rd8+ Kg7 42. Re8 e3+ 43. Kf3 Rh4 44. Re5 Kf6 45. Rb5 b6 46. Rb4 Rxb4 47. a4 Rxb3 48. a5 bxa5 49. Kf4 e2 50. Kg4 e1=Q 51.
Kh5 Qh4# 0-1

[Event "*** Titled Tuesday Blitz"]
[Site "Chess.com"]
[Date "2021.02.16"]
[Round "7"]
[White "Maddie"]
[Black "mirochka"]
[Result "0-1"]
[WhiteElo "2043"]
[BlackElo "2270"]
[TimeControl "180+1"]
[EndTime "11:19:04 PST"]
[Termination "mirochka won by resignation"]

1. d4 Nf6 2. e3 d5 3. Bd3 g6 4. f4 Bg7 5. Nf3 c5 6. c3 Nc6 7.
O-O b6 8. Ne5 Bb7 9. Bb5 Rc8 10.
Qa4 Qc7 11. Nd2 O-O 12. Nxc6 Bxc6 13. Bxc6 Qxc6 14. Qxc6 Rxc6 15. Nf3 cxd4 16. exd4 b5 17. Ne5 Rc7 18. Bd2 Ne4 19. Be3 a5 20. a3 Rfc8 21. Nf3 e6 22. Nd2 f5 23. Nxe4 fxe4 24. Rf2 Rc4 25. Rff1 b4 26. axb4 axb4 27. Bd2 bxc3 28. bxc3 e3 29. Bxe3 Rxc3 30. Bf2 Rd3 31. Rfd1 Rxd1+ 32.
Rxd1 Rc4 33. Kf1 Kf7 34. Ke2 Rc2+ 35. Kf3 h5 36. h3 Bh6 37. Be3 Rc3 38. Kf2 Rb3 39.
Rd2 Kf6 40. g4 hxg4 41. hxg4 g5 42. fxg5+ Bxg5 43. Bxg5+ Kxg5 44. Re2 Kf6 45. Re5 Rd3 46. g5+ Kf7 47. g6+ Kf6 48. g7 Kxg7 49. Rxe6 Rxd4 50. Re3 Kf6 51. Ke2 Kf5 52. Rf3+ Ke5 53. Re3+ Re4 54.
Rxe4+ Kxe4 55. Kd2 Kd4 56. Ke2 Kc3 57. Kd1 Kd3 58. Ke1 Kc2 59. Ke2 d4 60. Ke1 d3 0-1

[Event "*** Titled Tuesday Blitz"]
[Site "Chess.com"]
[Date "2021.02.16"]
[Round "7"]
[White "Piccadilly123"]
[Black "canary2016"]
[Result "1-0"]
[WhiteElo "2247"]
[BlackElo "1967"]
[TimeControl "180+1"]
[EndTime "11:19:04 PST"]
[Termination "Piccadilly123 won by checkmate"]

1. e4 c6 2. Nc3 d5 3. d4 dxe4 4. Nxe4 Nf6 5. Nxf6+ exf6 6. c3 Bd6 7. Bd3 O-O 8. Qc2 Re8+ 9. Ne2 h5 10. Be3 Nd7 11.
O-O-O Nf8 12. Rde1 Be6 13. Kb1 Qa5 14. b3 b5 15. Bd2 Qc7 16. f3 a5 17. g4 h4 18.
g5 a4 19. b4 Be7 20. Bf4 Qd7 21. Rhg1 Qd5 22. Bc1 Qd7 23. f4 Bd5 24. f5 Qc7 25. Nf4 Bc4 26. gxf6 Bxd3 27. Rxg7+ Kh8 28. Qxd3 Bxf6 29.
Rxe8 Rxe8 30. Rg8+ Kxg8 31. Nh5 Qe7 32. Nxf6+ Qxf6 33.
Qf1 Nh7 34. Qg2+ Kh8 35. Qg4 Rg8 36. Qf4 Qg5 37. Qe5+ Qg7 38. Qf4 Nf6 39. Qxh4+ Qh7 40. Qxf6+ Qg7 41. Qxc6 Qh7 42. Qxb5 Rf8 43. Qe5+ Qg7 44. f6 Qg6+ 45. Ka1 Rg8 46. Qf4 Qg1 47. Qh4# 1-0